 Dungeon Crawl Stone Soup version 0.29.0-11-gd7f09526c8 (webtiles) character file.

Game seed: 10936390934198041143

55 Nonny the Twirler (level 3, 0/18 HPs)
             Began as a Vine Stalker Gladiator on Sept 2, 2022.
             Was a Follower of Uskayaw.
             Slain by Sigmund
             ... wielding a +0 scythe
              (5 damage)
             ... on level 2 of the Dungeon.
             The game lasted 00:11:35 (1508 turns).

Nonny the Twirler (Vine Stalker Gladiator)          Turns: 1508, Time: 00:11:36

Health: 0/18       AC:  4    Str: 18    XL:     3   Next: 93%
Magic:  0/4        EV: 12    Int:  8    God:    Uskayaw [*.....]
Gold:   106        SH:  0    Dex: 15    Spells: 2/2 levels left

rFire   . . .      SeeInvis .   a - +1 quarterstaff
rCold   . . .      Faith    .   (shield currently unavailable)
rNeg    . . .      Spirit   +   b - +0 leather armour
rPois   .          Reflect  .   c - +0 helmet
rElec   .          Harm     .   (no cloak)
rCorr   .          Rampage  .   (no gloves)
Will    .....                   (no boots)
Stlth   ++........              (no amulet)
HPRegen 0.06/turn               (no ring)
MPRegen 0.09/turn               (no ring)

@: no status effects
A: fangs 2, magic shield, antimagic bite, no potion heal 2
a: Renounce Religion, Stomp


You were on level 2 of the Dungeon.
You worshipped Uskayaw.
Uskayaw was noncommittal.
You visited 1 branch of the dungeon, and saw 2 of its levels.

You collected 106 gold pieces.

Inventory:

Hand Weapons
 a - a +1 quarterstaff (weapon)
Missiles
 d - 3 throwing nets (quivered)
 e - a javelin
 h - 4 poisoned darts
Armour
 b - a +0 leather armour (worn)
 c - a +0 helmet (worn)
Scrolls
 f - a scroll of teleportation
 g - a scroll of butterflies
 i - 3 scrolls of identify
 k - a scroll of enchant armour


   Skills:
 - Level 2.0 Fighting
 + Level 3.5 Staves
 - Level 1.7 Throwing
 + Level 2.8 Dodging
 * Level 1.7 Stealth


You had 2 spell levels left.
You didn't know any spells.
Your spell library was empty.

Dungeon Overview and Level Annotations

Branches:
Dungeon (2/15)

Altars:
Uskayaw

Annotations:
D:2 Sigmund


Innate Abilities, Weirdness & Mutations

You have extremely sharp teeth.
When hurt, damage is shared between your health and your magic reserves.
Your bite disrupts and absorbs the magic of your enemies.
Potions cannot restore your health.


Message History

You kill the ball python!
You see here a ball python corpse.
Search for what [Enter for "."]? .
Found a stone staircase leading up.
There is a stone staircase leading up here.
Sigmund and a worm come into view.
The worm closely misses you. The worm closely misses you.
You sock the worm! You bite the worm. You drain its power.
The worm is heavily wounded.
You hit the worm but do no damage.
The worm is heavily wounded.
The worm bites you!
You thump the worm!
You kill the worm!
Sigmund shouts!
Sigmund casts a spell at you.
You are confused.
Unknown command.
You bump into the rock wall.
Sigmund completely misses you. Sigmund closely misses you.
You barely miss Sigmund. Your bite misses Sigmund. You closely miss Sigmund.
Your bite misses Sigmund. Sigmund hits you with a +0 scythe!
* * * LOW HITPOINT WARNING * * *
You closely miss Sigmund. You bite Sigmund, but do no damage.
You feel less confused. Sigmund gestures at you while chanting.
You are confused.
Sigmund completely misses you.
Unknown command.
You aren't carrying any potions.
You are too confused!
Unknown command.
Sigmund closely misses you. Sigmund misses you.
Unknown command.
You feel less confused.
Sigmund hits you from afar with a +0 scythe!
You die...

#######
#######.....#
#.........#.#
#.#####.#.#.#
#.#####.#.#.#
#######.##........#
.<............#.@.#
##...##.##....#...#
#.....#........@..#
##...########.....#
##.## ####.## #.#
...# #.# .#.# #+# .
.# ##


You could see Sigmund.

Vanquished Creatures
  An adder (D:2)
  2 worms (D:2)
  5 ball pythons
  3 endoplasms
  7 goblins
  3 hobgoblins
  2 jackals (D:1)
  6 kobolds
  A quokka (D:1)
  2 bats (D:1)
  A frilled lizard (D:1)
  A rat (D:2)
34 creatures vanquished.

Notes
Turn   | Place    | Note
-------+----------+-------------------------------------------
     0 | D:1      | Nonny the Vine Stalker Gladiator began the quest for the
                  | Orb.
     0 | D:1      | Reached XP level 1. HP: 11/11 MP: 2/2
    13 | D:1      | Starting vault: little chamber of statues.
    41 | D:1      | First kill: frilled lizard
   261 | D:1      | Reached XP level 2. HP: 6/15 MP: 1/3
   434 | D:1      | Reached skill level 1 in Stealth
   452 | D:1      | Reached skill level 3 in Staves
   648 | D:1      | Reached XP level 3. HP: 11/18 MP: 2/4
   660 | D:1      | Found a faded altar of an unknown god.
   668 | D:1      | Prayed at the altar of an unknown god.
   668 | D:1      | Became a worshipper of Uskayaw the Reveller
   668 | D:1      | Reached * piety under Uskayaw
   819 | D:2      | TUTAAQIJEE - teleportation
   820 | D:2      | JITOUS BOKHLUOH - scroll of butterflies
   821 | D:2      | ONEULI GESHA - noise
   822 | D:2      | ROUGEI QODASCH - identify
   822 | D:2      | OMAQIA - enchant armour
  1017 | D:2      | CIAGRIULIL - enchant weapon
  1134 | D:2      | 4round chambers floor
  1134 | D:2      | Uphatch in southwest quadrant.
  1136 | D:1      | Uphatch does not seem viable for orbrun.
  1182 | D:2      | Reached ** piety under Uskayaw
  1487 | D:2      | Noticed Sigmund
  1508 | D:2      | Slain by Sigmund

Illustrated notes #.. #.# ##### #.#####8<8#### #.##..)......## #.#8.........8# #.#...8...8...# #.#8.........8# #@##.........### #..............# #.............## ############### Turn 13 on D:1: Starting vault: little chamber of statues. ..?.# .....# ....## ...... ###....# ##.###########.....#### #......@............... ##############.......# #.......# #.......# #.......# #.......# #.......# ###.....# ###.....# Turn 41 on D:1: First kill: frilled lizard #. #. ##. .. ###. #...## # #....#.# #...@..# ............+ ##........### #.##.#.#.# # #.###.# #. .# # # Turn 819 on D:2: TUTAAQIJEE - teleportation #. #. ##. .. ###. #.bb## # #..bb#b# #..b@bb# ......bbb...+ ##...bbbbb### #.##.#.#.# # #.###.# #. .# # # Turn 820 on D:2: JITOUS BOKHLUOH - scroll of butterflies #. #. ##. .. ###. #.b.## # #.bb.#.# #..b@bb# ....bbbbb...+ ##...b.bb.### #.##.#.#.# # #.###b# #. .# # # Turn 821 on D:2: ONEULI GESHA - noise #. #. ##. .. ###. #...## # #..bb#b# #..b@b.# .....bb.b.b.+ ##..bb.bbb### #.##.#b#.# # #.###b# #. .# # # Turn 822 on D:2: ROUGEI QODASCH - identify #.# #.# #.# #.# #.# #.# ## #.##.## #@#...#### #........+ #...#.#### ####.# #.# #.# #.# #+# #.# #.# #####.#########.# Turn 1017 on D:2: CIAGRIULIL - enchant weapon .# .### ... ######.# #......# #.###..# ##### ###.###..# #.... #######........# ###.### #.........@##..######...... #.#####.#.............(.### #.# #.#.......#####.#.... #.# #.####.....# #####.# #.# #.#####...## #.# #.# #........## #.# #.# ########.# #.. #.# #.# ### #.# ##'## ##### Turn 1134 on D:2: 4round chambers floor

#####'#..[...#.#.#
#.#.####### #
##...........#)#.# #[#.####
#
##...........#.#.###.#....#
#
##...................####.#
# #.......##..........# #.#
# #...................# #.#
# #......###..........# #^#
# ######## #.>........# #.#
# #.....@....# #.# #
#..........# #.# #
#.#........# #.# #
#.#.######.####.# #
#.#.............# #
#.############### #
#......# # ######.# # #.#
##########


Turn 1136 on D:1: Uphatch does not seem viable for orbrun.

Levels and vault maps discovered:
D:1:      mrwooster_arrival_statue_2, layout_basic,
          hellmonk_ecumenical_altar_prayer_group
D:2:      layout_loops_corners, uniq_sigmund

Skill      XL: |  1  2 |
---------------+-------+-----
Fighting       | 2 |  2.0
Stealth        | 1 |  1.7
Staves         | 3 |  3.5
Throwing       | |  1.7
Dodging        | |  2.8

Action                   || total
-------------------------++-------
Melee: Quarterstaff      ||   101
       Bite              ||    19
  Use: Scroll            ||     5
Armor: Leather armour    ||    29
Dodge: Dodged            ||    66
